TOP OF THE 1ST |
Beech Mountain Mountaineers batting - Pitching for New Orleans Looters : RHP Chris Martin
|
Pitching: RHP Chris Martin
|
|
Batting: SHB Félix Montoya
|
0-0: Ball 1-0: Ball 2-0: SINGLE (Line Drive, 9LS)
|
Batting: LHB Pedro Gonzáles
|
0-0: Ball 1-0: Called Strike 1-1: Ball 2-1: Ball 3-1: Called Strike 3-2: SINGLE (Groundball, 6D) Félix Montoya to second Félix Montoya to third
|
Batting: LHB Robert Phillips
|
0-0: Ball 1-0: Swinging Strike 1-1: Foul Ball, location: 2F 1-2: Fly out, F8 (Flyball, 8RS)
|
Batting: SHB Juan Castro
|
0-0: Called Strike 0-1: Ball 1-1: Called Strike 1-2: Strikes out swinging
|
Batting: LHB Tommy Payne
|
0-0: Ball 1-0: Called Strike 1-1: Foul Ball, location: 2F 1-2: SINGLE (Line Drive, 34) Félix Montoya scores Pedro Gonzáles to second Runner from 2nd tries for 3rd, SAFE, no throw
|
Batting: RHB John Anderson
|
0-0: Foul Ball, location: 2F 0-1: Ball 1-1: Reached on error, E6 (Groundball, 6) Pedro Gonzáles scores Tommy Payne to second
|
Batting: SHB Rick Turner
|
0-0: Ball 1-0: Swinging Strike 1-1: Ball 2-1: Foul Ball, location: 2F 2-2: Ball 3-2: Strikes out swinging
|
Top of the 1st over - 2 run(s), 3 hit(s), 1 error(s), 2 left on base; Beech Mountain 2 - New Orleans 0 |
BOTTOM OF THE 1ST |
New Orleans Looters batting - Pitching for Beech Mountain Mountaineers : RHP Júlio Torres
|
Pitching: RHP Júlio Torres
|
|
Batting: SHB Arturo Sánchez
|
0-0: Ground out 6-3 (Groundball, 6)
|
Batting: RHB Rubén Vázquez
|
0-0: Ball 1-0: Called Strike 1-1: Ball 2-1: Ball 3-1: Ground out 6-3 (Groundball, 6)
|
Pitching: RHP Rodrigo Aguilar
|
|
Batting: SHB Oliver Deleón
|
0-0: Called Strike 0-1: Reached on error, E4 (Groundball, 4)
|
Batting: RHB Stephen Shaw
|
0-0: Foul Ball, location: 2F 0-1: Fielders Choice at 2nd, 5-4 (Groundball, 56)
|
Bottom of the 1st over - 0 run(s), 0 hit(s), 1 error(s), 0 left on base; Beech Mountain 2 - New Orleans 0 |
TOP OF THE 2ND |
Beech Mountain Mountaineers batting - Pitching for New Orleans Looters : RHP Chris Martin
|
Batting: LHB Pedro Rodríguez
|
0-0: Ball 1-0: Ball 2-0: Foul Ball, location: 2F 2-1: Ball 3-1: Fly out, F7 (Flyball, 7D)
|
Batting: RHB Jesús Cruz
|
0-0: Foul Ball, location: 2F 0-1: Ball 1-1: Ball 2-1: Called Strike 2-2: Foul Ball, location: 2F 2-2: Ground out 5-3 (Groundball, 5)
|
Batting: SHB Félix Montoya
|
0-0: Foul Ball, location: 2F 0-1: Swinging Strike 0-2: Foul Ball, location: 2F 0-2: Strikes out swinging
|
Top of the 2nd over - 0 run(s), 0 hit(s), 0 error(s), 0 left on base; Beech Mountain 2 - New Orleans 0 |
BOTTOM OF THE 2ND |
New Orleans Looters batting - Pitching for Beech Mountain Mountaineers : RHP Rodrigo Aguilar
|
Batting: RHB Dave O'Loan
|
0-0: Fly out, F8 (Flyball, 89XD)
|
Batting: LHB Eduardo Rodríguez
|
0-0: Ball 1-0: Ball 2-0: Foul Ball, location: 2F 2-1: Foul Ball, location: 2F 2-2: SOLO HOME RUN (Line Drive, 9LD), Distance : 350 ft
|
Batting: LHB Taylor Smith
|
0-0: SOLO HOME RUN (Flyball, 78D), Distance : 386 ft
|
Batting: RHB Run-ming Zhu
|
0-0: Ball 1-0: Ball 2-0: Ball 3-0: Base on Balls
|
Batting: LHB Miguel Colón
|
0-0: Called Strike 0-1: Ball 1-1: Ball 2-1: Foul Ball, location: 2F 2-2: SINGLE (Groundball, 5D) Run-ming Zhu to second
|
Batting: SHB Arturo Sánchez
|
0-0: Ball 1-0: Called Strike 1-1: Ball 2-1: SINGLE (Groundball, 56D) Run-ming Zhu to third Miguel Colón to second
|
Batting: RHB Rubén Vázquez
|
0-0: Ball 1-0: Foul Ball, location: 2F 1-1: Ball 2-1: DOUBLE (Line Drive, 9LM) Run-ming Zhu scores Miguel Colón scores Arturo Sánchez to third Runner from 3rd tries for Home, SAFE, no throw
|
Pitching: RHP Mang Tow
|
|
Batting: SHB Oliver Deleón
|
0-0: SINGLE (Groundball, 34D) Rubén Vázquez to third
|
Batting: RHB Stephen Shaw
|
0-0: Foul Ball, location: 2F 0-1: Ball 1-1: Foul Ball, location: 2F 1-2: Strikes out swinging
|
Batting: RHB Dave O'Loan
|
0-0: Ground out 6-3 (Groundball, 6MS)
|
Bottom of the 2nd over - 5 run(s), 6 hit(s), 0 error(s), 2 left on base; Beech Mountain 2 - New Orleans 5 |
TOP OF THE 3RD |
Beech Mountain Mountaineers batting - Pitching for New Orleans Looters : RHP Chris Martin
|
Batting: LHB Pedro Gonzáles
|
0-0: SINGLE (Line Drive, 9S)
|
Batting: LHB Robert Phillips
|
0-0: Ball 1-0: Ground out U3 (Groundball, 3S) Pedro Gonzáles to second
|
Batting: SHB Juan Castro
|
0-0: Called Strike 0-1: Foul Ball, location: 2F 0-2: Foul Ball, location: 2F 0-2: Strikes out swinging
|
Batting: LHB Tommy Payne
|
0-0: Called Strike 0-1: Swinging Strike 0-2: Strikes out swinging
|
Top of the 3rd over - 0 run(s), 1 hit(s), 0 error(s), 1 left on base; Beech Mountain 2 - New Orleans 5 |
BOTTOM OF THE 3RD |
New Orleans Looters batting - Pitching for Beech Mountain Mountaineers : RHP Mang Tow
|
Batting: LHB Eduardo Rodríguez
|
0-0: Called Strike 0-1: Ball 1-1: Fly out, F6 (Popup, 6)
|
Batting: LHB Taylor Smith
|
0-0: Ball 1-0: Foul Ball, location: 2F 1-1: Ground out 6-3 (Groundball, 6)
|
Batting: RHB Run-ming Zhu
|
0-0: Hit by Pitch
|
Batting: LHB Miguel Colón
|
0-0: Ball 1-0: Foul Ball, location: 2F 1-1: Called Strike 1-2: Fielders Choice at 2nd, 6-4 (Groundball, 6)
|
Bottom of the 3rd over - 0 run(s), 0 hit(s), 0 error(s), 0 left on base; Beech Mountain 2 - New Orleans 5 |
TOP OF THE 4TH |
Beech Mountain Mountaineers batting - Pitching for New Orleans Looters : RHP Chris Martin
|
Batting: RHB John Anderson
|
0-0: Called Strike 0-1: Called Strike 0-2: Ball 1-2: Foul Ball, location: 2F 1-2: Ball 2-2: Fly out, F8 (Line Drive, 8RD)
|
Batting: SHB Rick Turner
|
0-0: Called Strike 0-1: DOUBLE (Flyball, 89M)
|
Pinch Runner at 2nd Miguel González:
|
|
Batting: LHB Pedro Rodríguez
|
0-0: Ball 1-0: Ball 2-0: Called Strike 2-1: Ground out 3-1 (Groundball, 34) Miguel González to third
|
Batting: RHB Jesús Cruz
|
0-0: TRIPLE (Flyball, 78XD) Miguel González scores
|
Batting: SHB Félix Montoya
|
0-0: Foul Ball, location: 2F 0-1: Ball 1-1: Foul Ball, location: 2F 1-2: Ball 2-2: Foul Ball, location: 2F 2-2: Strikes out looking
|
Top of the 4th over - 1 run(s), 2 hit(s), 0 error(s), 1 left on base; Beech Mountain 3 - New Orleans 5 |
BOTTOM OF THE 4TH |
New Orleans Looters batting - Pitching for Beech Mountain Mountaineers : RHP Mang Tow
|
Batting: SHB Arturo Sánchez
|
0-0: Foul Ball, location: 2F 0-1: Ball 1-1: Ball 2-1: Ball 3-1: Foul Ball, location: 2F 3-2: Base on Balls
|
Batting: RHB Rubén Vázquez
|
0-0: Ball 1-0: Ball 2-0: Called Strike 2-1: Ball 3-1: Foul Ball, location: 2F 3-2: Base on Balls Arturo Sánchez to second
|
Batting: SHB Oliver Deleón
|
0-0: Fly out, F8 (Line Drive, 8LD) Runner from 2nd tags up, SAFE at 3rd, no throw
|
Batting: RHB Stephen Shaw
|
0-0: Ball 1-0: Ball 2-0: Ball 3-0: Called Strike 3-1: Called Strike 3-2: Fly out, F7 (Flyball, 7S)
|
Batting: RHB Dave O'Loan
|
0-0: Called Strike 0-1: Foul Ball, location: 2F 0-2: Ball 1-2: Ball 2-2: Ball 3-2: Base on Balls Rubén Vázquez to second
|
Batting: LHB Eduardo Rodríguez
|
0-0: Foul Ball, location: 2F 0-1: Ball 1-1: Ball 2-1: Fly out, F7 (Line Drive, 7S)
|
Bottom of the 4th over - 0 run(s), 0 hit(s), 0 error(s), 3 left on base; Beech Mountain 3 - New Orleans 5 |
TOP OF THE 5TH |
Beech Mountain Mountaineers batting - Pitching for New Orleans Looters : RHP Chris Martin
|
Batting: LHB Pedro Gonzáles
|
0-0: Ball 1-0: Ground out 6-3 (Groundball, 6)
|
Batting: LHB Robert Phillips
|
0-0: Called Strike 0-1: Swinging Strike 0-2: Strikes out looking
|
Batting: SHB Juan Castro
|
0-0: Ball 1-0: Called Strike 1-1: Ball 2-1: Ball 3-1: SINGLE (Groundball, 34D)
|
Batting: LHB Tommy Payne
|
0-0: Ball 1-0: SINGLE (Groundball, 4D) Juan Castro to second Runner from 2nd tries for 3rd, SAFE, throw made to third
|
Batting: RHB John Anderson
|
0-0: Ball 1-0: Called Strike 1-1: SINGLE (Flyball, 89S) Juan Castro scores Tommy Payne to second Runner from 2nd tries for 3rd, SAFE, no throw
|
Batting: SHB Miguel González
|
0-0: Ball 1-0: Ball 2-0: Ball 3-0: Base on Balls John Anderson to second
|
Batting: LHB Pedro Rodríguez
|
0-0: Called Strike 0-1: Foul Ball, location: 2F 0-2: Strikes out swinging
|
Top of the 5th over - 1 run(s), 3 hit(s), 0 error(s), 3 left on base; Beech Mountain 4 - New Orleans 5 |
BOTTOM OF THE 5TH |
New Orleans Looters batting - Pitching for Beech Mountain Mountaineers : RHP Mang Tow
|
Batting: LHB Taylor Smith
|
0-0: Foul Ball, location: 2F 0-1: Ball 1-1: SINGLE (Groundball, 56D)
|
Batting: RHB Run-ming Zhu
|
0-0: Grounds into double play, 1-6-3 (Groundball, P)
|
Batting: LHB Miguel Colón
|
0-0: SINGLE (Groundball, P) (infield hit)
|
Batting: SHB Arturo Sánchez
|
0-0: SINGLE (Groundball, 56D) Miguel Colón to second
|
Batting: RHB Rubén Vázquez
|
0-0: Fly out, F8 (Flyball, 78M)
|
Bottom of the 5th over - 0 run(s), 3 hit(s), 0 error(s), 2 left on base; Beech Mountain 4 - New Orleans 5 |
TOP OF THE 6TH |
Beech Mountain Mountaineers batting - Pitching for New Orleans Looters : RHP Chris Martin
|
Batting: RHB Jesús Cruz
|
0-0: Called Strike 0-1: Called Strike 0-2: Strikes out swinging
|
Batting: SHB Félix Montoya
|
0-0: Ball 1-0: Foul Ball, location: 2F 1-1: Ball 2-1: Ball 3-1: Ground out U3 (Groundball, 3S)
|
Batting: LHB Pedro Gonzáles
|
0-0: Fly out, F8 (Flyball, 8RD)
|
Top of the 6th over - 0 run(s), 0 hit(s), 0 error(s), 0 left on base; Beech Mountain 4 - New Orleans 5 |
BOTTOM OF THE 6TH |
New Orleans Looters batting - Pitching for Beech Mountain Mountaineers : RHP Mang Tow
|
Batting: SHB Oliver Deleón
|
0-0: Foul Ball, location: 2F 0-1: Foul Ball, location: 2F 0-2: SINGLE (Groundball, 6MD)
|
Pitching: RHP Troy Parker
|
|
Batting: RHB Stephen Shaw
|
0-0: Swinging Strike 0-1: Foul Ball, location: 2F 0-2: Foul Ball, location: 2F 0-2: Foul Ball, location: 2F 0-2: Ball 1-2: Ball 2-2: Ball 3-2: Foul Ball, location: 2F 3-2: Grounds into double play, 5-4-3 (Groundball, 56)
|
Batting: RHB Dave O'Loan
|
0-0: Foul Ball, location: 2F 0-1: Ball 1-1: Ground out 1-3 (Groundball, 15S)
|
Bottom of the 6th over - 0 run(s), 1 hit(s), 0 error(s), 0 left on base; Beech Mountain 4 - New Orleans 5 |
TOP OF THE 7TH |
Beech Mountain Mountaineers batting - Pitching for New Orleans Looters : RHP Chris Martin
|
Pitching: LHP Tadao Yoshida
|
|
Batting: LHB Robert Phillips
|
0-0: Called Strike 0-1: Ball 1-1: Ball 2-1: Foul Ball, location: 2F 2-2: Ground out 4-3 (Groundball, 4)
|
Batting: SHB Juan Castro
|
0-0: Ball 1-0: Foul Ball, location: 2F 1-1: Foul Ball, location: 2F 1-2: Fly out, F2 (Popup, 15)
|
Batting: LHB Tommy Payne
|
0-0: Foul Ball, location: 2F 0-1: Foul Ball, location: 2F 0-2: Ball 1-2: Ball 2-2: Foul Ball, location: 2F 2-2: Ball 3-2: SINGLE (Groundball, 4MD)
|
Batting: RHB John Anderson
|
0-0: Ball 1-0: Ball 2-0: Ball 3-0: Base on Balls Tommy Payne to second
|
Batting: SHB Miguel González
|
0-0: Called Strike 0-1: Called Strike 0-2: Foul Ball, location: 2F 0-2: Strikes out swinging
|
Top of the 7th over - 0 run(s), 1 hit(s), 0 error(s), 2 left on base; Beech Mountain 4 - New Orleans 5 |
BOTTOM OF THE 7TH |
New Orleans Looters batting - Pitching for Beech Mountain Mountaineers : RHP Troy Parker
|
Batting: LHB Eduardo Rodríguez
|
0-0: Called Strike 0-1: Fly out, F6 (Flyball, 6MD)
|
Batting: LHB Taylor Smith
|
0-0: Called Strike 0-1: Ball 1-1: Foul Ball, location: 2F 1-2: Foul Ball, location: 2F 1-2: Ball 2-2: Foul Ball, location: 2F 2-2: Fly out, F8 (Flyball, 8LM)
|
Batting: RHB Run-ming Zhu
|
0-0: Fly out, F8 (Flyball, 8RD)
|
Bottom of the 7th over - 0 run(s), 0 hit(s), 0 error(s), 0 left on base; Beech Mountain 4 - New Orleans 5 |
TOP OF THE 8TH |
Beech Mountain Mountaineers batting - Pitching for New Orleans Looters : LHP Tadao Yoshida
|
Batting: LHB Pedro Rodríguez
|
0-0: Called Strike 0-1: Ball 1-1: Ball 2-1: Foul Ball, location: 2F 2-2: Ball 3-2: Foul Ball, location: 2F 3-2: Base on Balls
|
Pitching: RHP Edward Baker
|
|
Batting: RHB Jesús Cruz
|
0-0: Reached on error, E1 (Groundball, 15) Pedro Rodríguez to third
|
Pitching: LHP Santiago Valentín
|
|
Batting: SHB Félix Montoya
|
0-0: Called Strike 0-1: Ball 1-1: Ball 2-1: Ball 3-1: Foul Ball, location: 2F 3-2: Strikes out swinging
|
Batting: LHB Pedro Gonzáles
|
0-0: Called Strike 0-1: Fly out, F8 (Line Drive, 8RM) Runner from 3rd tags up, SCORES, no throw
|
Batting: LHB Robert Phillips
|
0-0: Swinging Strike 0-1: Called Strike 0-2: Ball 1-2: Ball 2-2: Strikes out swinging
|
Top of the 8th over - 1 run(s), 0 hit(s), 1 error(s), 1 left on base; Beech Mountain 5 - New Orleans 5 |
BOTTOM OF THE 8TH |
New Orleans Looters batting - Pitching for Beech Mountain Mountaineers : RHP Troy Parker
|
Pinch Hitting: LHB Seung-chun Mun
|
0-0: Ball 1-0: Called Strike 1-1: Ball 2-1: Called Strike 2-2: Ball 3-2: Base on Balls
|
Pinch Runner at 1st Francisco Vega:
|
|
Batting: SHB Arturo Sánchez
|
0-0: Ball 1-0: Foul Ball, location: 2F 1-1: SINGLE (Groundball, 56D) Francisco Vega to second
|
Batting: RHB Rubén Vázquez
|
0-0: Ball 1-0: Called Strike 1-1: Ball 2-1: Foul Ball, location: 2F 2-2: SINGLE (Groundball, 5D) Francisco Vega to third Arturo Sánchez to second Runner from 3rd tries for Home, SAFE, no throw
|
Batting: SHB Oliver Deleón
|
0-0: SINGLE (Groundball, 56D) Arturo Sánchez to third Rubén Vázquez to second
|
Batting: RHB Stephen Shaw
|
0-0: Foul Ball, location: 2F 0-1: Fly out, F9 (Flyball, 9LS) Runner from 3rd tags up, SCORES, throw made
|
Pitching: RHP Steve Griffin
|
|
Batting: RHB Dave O'Loan
|
0-0: Called Strike 0-1: Ball 1-1: SINGLE (Groundball, 56D) Rubén Vázquez to third Oliver Deleón to second Runner from 3rd tries for Home, throw and OUT! Oliver Deleón to third Dave O'Loan to second
|
Batting: LHB Eduardo Rodríguez
|
0-0: Ball 1-0: Ball 2-0: Foul Ball, location: 2F 2-1: 3-RUN HOME RUN (Flyball, 9LD), Distance : 335 ft
|
Batting: LHB Taylor Smith
|
0-0: Swinging Strike 0-1: SINGLE (Line Drive, 6MD)
|
Pitching: RHP Ignacio Morales
|
|
Batting: RHB Run-ming Zhu
|
0-0: Fly out, F7 (Flyball, 78S)
|
Bottom of the 8th over - 5 run(s), 6 hit(s), 0 error(s), 1 left on base; Beech Mountain 5 - New Orleans 10 |
TOP OF THE 9TH |
Beech Mountain Mountaineers batting - Pitching for New Orleans Looters : LHP Santiago Valentín
|
Pitching: LHP Juan Méndez
|
|
Now in RF: Francisco Vega
|
|
Batting: SHB Juan Castro
|
0-0: Ball 1-0: Foul Ball, location: 2F 1-1: Ball 2-1: Ball 3-1: SINGLE (Line Drive, 5D)
|
Batting: LHB Tommy Payne
|
0-0: Foul Ball, location: 2F 0-1: Foul Ball, location: 2F 0-2: Strikes out swinging
|
Batting: RHB John Anderson
|
0-0: Ball 1-0: Called Strike 1-1: Ball 2-1: Ball 3-1: Base on Balls Juan Castro to second
|
Batting: SHB Miguel González
|
0-0: Swinging Strike 0-1: Swinging Strike 0-2: Ball 1-2: Strikes out looking
|
Batting: LHB Pedro Rodríguez
|
0-0: Called Strike 0-1: Fly out, F9 (Flyball, 9)
|
Top of the 9th over - 0 run(s), 1 hit(s), 0 error(s), 2 left on base; Beech Mountain 5 - New Orleans 10 |
|